 Dungeon Crawl Stone Soup version 0.18.1-48-g4cf74bf (webtiles) character file.

70 luca467 the Skirmisher (level 4, 0/33 HPs)
             Began as an Octopode Fighter on Sept 12, 2016.
             Slain by appiemonkey's ghost (13 damage)
             ... on level 3 of the Dungeon.
             The game lasted 00:07:44 (1998 turns).

luca467 the Skirmisher (Octopode Fighter)           Turns: 1998, Time: 00:07:44

Health: 0/33       AC:  1    Str: 15    XL:     4   Next: 22%
Magic:  4/4        EV: 10    Int: 10    God:
Gold:   186        SH:  9    Dex: 12    Spells: 0 memorised, 3 levels left

rFire  . . .     SeeInvis .     a - +2 long sword
rCold  . . .     Gourm    .     b - +0 shield
rNeg   . . .     Faith    .     (helmet restricted)
rPois  .         Spirit   .     (no amulet)
rElec  .         Dismiss  .     (no ring)
rCorr  .         Reflect  .     (no ring)
SustAt .         Harm     .     (no ring)
MR     .....                    (no ring)
Stlth  ++........               (no ring)
                                (no ring)
                                (no ring)
                                (no ring)

@: not resistant to hostile enchantments, unstealthy
A: almost no armour, amphibious, 8 rings, constrict 8, camouflage 1, gelatinous
body 1
a: no special abilities


You were on level 3 of the Dungeon.
You were not hungry.

You visited 1 branch of the dungeon, and saw 3 of its levels.

You collected 186 gold pieces.

Inventory:

Hand Weapons
 a - a +2 long sword (weapon)
 i - a +0 dagger
Armour
 b - a +0 shield (worn)
Scrolls
 e - a scroll of enchant armour {unknown}
 j - 2 scrolls of identify
 l - a scroll of blinking
Potions
 c - a potion of might
 f - a potion of agility {unknown}
 g - 2 potions of beneficial mutation {unknown}
 h - a potion of flight {unknown}
 m - a potion of lignification {unknown}
Comestibles
 d - a bread ration
 n - a meat ration
 o - 3 chunks of flesh


   Skills:
 * Level 4.0 Fighting
 * Level 3.0 Long Blades
 - Level 3.0 Dodging
 + Level 3.4 Shields


You had 3 spell levels left.
You didn't know any spells.

Dungeon Overview and Level Annotations

Branches:
Dungeon (3/15)

Altars:

Annotations:
D:3 appiemonkey's ghost, amateur GrFi


Innate Abilities, Weirdness & Mutations

You cannot wear most types of armour.
You are amphibious.
You can wear up to eight rings at the same time.
You can use your tentacles to constrict eight enemies at once.
Your skin changes colour to match your surroundings (Stealth).
Your rubbery body absorbs attacks (AC +1).


Message History

You hit appiemonkey's ghost but do no damage.
You squeeze appiemonkey's ghost.
Appiemonkey's ghost is moderately damaged.
Appiemonkey's ghost closely misses you.
You hit appiemonkey's ghost but do no damage.
Appiemonkey's ghost is moderately damaged.
Appiemonkey's ghost hits you!
Appiemonkey's ghost says very slowly, "There's no hope."
Appiemonkey's ghost hits you!
* * * LOW HITPOINT WARNING * * *
Drink which item? (? for menu, Esc to quit)
You feel better. You block appiemonkey's ghost's attack.
You hit appiemonkey's ghost but do no damage.
Your squeeze misses appiemonkey's ghost.
Appiemonkey's ghost is moderately damaged.
Appiemonkey's ghost closely misses you.
You hit appiemonkey's ghost but do no damage.
Appiemonkey's ghost is moderately damaged.
Appiemonkey's ghost hits you!
You die...

#)<...8......#
#........##..#
######..####.# ##
###.##....# ..##
##.###...### ...#
#...÷.....#
...###.........#
.....#...(.....######..#
.....#.........W@.....#
...†...........########
..............##
....##.........#
...............#
...##...#.#...^#
.....#..#.#...?#
...#.#..#.#....
...#.##.#


You could see appiemonkey's ghost.

Vanquished Creatures
  3 adders
  An ooze (D:1)
  2 dart slugs (D:1)
  3 orcs (D:2)
  A giant cockroach (D:2)
  5 goblins
  2 hobgoblins (D:1)
  4 jackals (D:2)
  2 quokkas (D:2)
  A ball python (D:2)
  A bat (D:1)
  6 kobolds
  3 rats
34 creatures vanquished.

Notes
Turn   | Place    | Note
--------------------------------------------------------------
     0 | D:1      | luca467 the Octopode Fighter began the quest for the Orb.
     0 | D:1      | Reached XP level 1. HP: 16/16 MP: 1/1
   199 | D:1      | Reached XP level 2. HP: 11/21 MP: 2/2
   950 | D:2      | Reached XP level 3. HP: 26/26 MP: 3/3
  1627 | D:3      | Reached XP level 4. HP: 13/33 MP: 4/4
  1872 | D:2      | Reached skill level 4 in Fighting
  1983 | D:3      | Noticed appiemonkey's ghost (amateur GrFi)
  1998 | D:3      | Slain by appiemonkey's ghost

Skill      XL: |  1  2  3  4 |
---------------+-------------+-----
Long Blades    | 3 |  3.0
Fighting       | 4 |  4.0
Dodging        | |  3.0
Shields        | |  3.4

Action                   |  1- 3 |  4- 6 || total
-------------------------+-------+-------++-------
Melee: Long sword        |    58 |    13 ||    71
       Constrict         |    13 |     3 ||    16
       Tentacles         |    10 |     6 ||    16
  Use: Scroll            |     6 |       ||     6
       Potion            |       |     2 ||     2
 Stab: Sleeping          |     5 |       ||     5
  Eat: Chunk             |     1 |     2 ||     3
Armor: Skin              |     5 |       ||     5
Dodge: Dodged            |    27 |     9 ||    36
Block: Shield            |    28 |     9 ||    37
